 Dungeon Crawl Stone Soup version 0.27-a0-1202-ge72e49191c (webtiles) character file.

Game seed: 572147622056683899

4655 Delamore the Carver (level 10, -1/74 HPs)
             Began as a Formicid Fighter on June 4, 2021.
             Was an Elder of Okawaru.
             Slain by a 16-headed hydra (9 damage)
             ... on level 6 of the Dungeon.
             The game lasted 00:09:00 (5609 turns).

Delamore the Carver (Formicid Fighter)              Turns: 5609, Time: 00:09:01

Health: -1/74      AC: 21    Str: 29    XL:     10   Next: 71%
Magic:  12/12      EV:  7    Int:  8    God:    Okawaru [****..]
Gold:   556        SH: 10    Dex: 10    Spells: 9/9 levels left

rFire    + . .     SeeInvis +   r - +11 falchion "Gaeteugia" {elec, +Rage rElec rF+ rC- Str+5}
rCold    x . .     Faith    .   c - +0 kite shield
rNeg     . . .     Spirit   .   y - +2 crystal plate armour
rPois    .         Reflect  .   (helmet unavailable)
rElec    +         Harm     .   (no cloak)
rCorr    .         Rampage  .   (no gloves)
Will     +....                  q - +2 pair of boots
Stlth    ..........             h - amulet of regeneration
HPRegen  1.22/turn              p - +4 ring of evasion
MPRegen  0.13/turn              (no ring)

@: studying Conjurations
A: permanent stasis, dig shafts and tunnels, antennae 3, four strong arms
a: Dig, Shaft Self, Renounce Religion, Heroism


You were on level 6 of the Dungeon.
You worshipped Okawaru.
Okawaru was greatly pleased with you.
You visited 1 branch of the dungeon, and saw 7 of its levels.
You also visited: Ossuary.

You collected 556 gold pieces.

Inventory:

Hand Weapons
 r - the +11 falchion "Gaeteugia" (weapon) {elec, +Rage rElec rF+ rC- Str+5}
   (You found it on level 5 of the Dungeon)

   Occasionally, upon striking a foe, it can discharge electrical energy and
   cause terrible harm.
   It affects your strength (+5).
   It protects you from fire.
   It makes you vulnerable to cold.
   It insulates you from electricity.
   It lets you go berserk.
 C - a +0 glaive
Missiles
 e - 68 poisoned darts (quivered)
 l - 14 boomerangs
 D - a throwing net
Armour
 c - a +0 kite shield (worn)
 m - a +0 chain mail of willpower
 q - a +2 pair of boots (worn)
 y - a +2 crystal plate armour (worn)
Jewellery
 f - a ring of fire
 h - an amulet of regeneration (around neck)
 p - a +4 ring of evasion (left hand)
Wands
 k - a wand of iceblast (13)
 v - a wand of flame (15)
Scrolls
 i - a scroll of magic mapping
 o - a scroll of amnesia
 z - 4 scrolls of identify
Potions
 d - a potion of might
 g - 6 potions of curing
 j - a potion of mutation
 s - a potion of heal wounds
 u - a potion of invisibility
 w - a potion of brilliance
 x - 5 potions of attraction
 A - 2 potions of degeneration
 B - a potion of haste {unknown}


   Skills:
 - Level 5.0 Fighting
 * Level 12.4 Long Blades
 - Level 6.1 Polearms
 - Level 3.2 Armour
 - Level 5.0 Shields
 - Level 3.0 Invocations


You had 9 spell levels left.
You didn't know any spells.
Your spell library contained the following spells:

 Spells                   Type           Power      Damage    Failure   Level
 Beastly Appendage        Tmut           0%         N/A       100%        1
 Freeze                   Ice            0%         1d3       100%        1
 Magic Dart               Conj           0%         1d3       100%        1
 Call Imp                 Summ           0%         N/A       100%        2
 Slow                     Hex            0%         N/A       100%        2
 Wereblood                Tmut           0%         N/A       100%        2
 Conjure Flame            Conj/Fire      0%         6-21      100%        3
 Frozen Ramparts          Ice            0%         1d2       100%        3
 Mephitic Cloud           Conj/Pois/Air  0%         N/A       100%        3
 Ozocubu's Armour         Ice            0%         N/A       100%        3
 Spider Form              Tmut/Pois      0%         N/A       100%        3
 Hailstorm                Conj/Ice       0%         3d3       100%        4
 Ice Form                 Ice/Tmut       0%         N/A       100%        4
 Hydra Form               Tmut           0%         N/A       100%        5
 Metabolic Englaciation   Hex/Ice        0%         N/A       100%        5
 Blink                    Tloc           Unusable   N/A       N/A         2

Dungeon Overview and Level Annotations

Branches:
Dungeon (7/15)             Temple (0/1) D:5         Ossuary (visited)

Altars:
Nemelex Xobeh
Okawaru


Innate Abilities, Weirdness & Mutations

You cannot be hasted, slowed, berserked, paralysed or teleported.
You can dig through walls and to a lower floor.
You have a pair of large antennae on your head. (SInv)
Your four strong arms can wield two-handed weapons with a shield.


Message History

You block the 16-headed hydra's attack. The 16-headed hydra bites you.
* * * LOW HITPOINT WARNING * * *
Aiming: Iceblast
Press: ? - help, Shift-Dir - straight line, f - 16-headed hydra
Aim: a 16-headed hydra The mass of ice explodes!
The iceblast engulfs the 16-headed hydra!
The 16-headed hydra is moderately wounded.
The 16-headed hydra bites you but does no damage. x4
You block the 16-headed hydra's attack. The 16-headed hydra closely misses you.
The 16-headed hydra bites you but does no damage.
You block the 16-headed hydra's attack. x3
The 16-headed hydra barely misses you.
The 16-headed hydra bites you but does no damage. x3
The 16-headed hydra completely misses you.
The 16-headed hydra bites you but does no damage.
You block the 16-headed hydra's attack.
The 16-headed hydra completely misses you.
The 16-headed hydra bites you!
The 16-headed hydra bites you but does no damage.
The 16-headed hydra bites you. You block the 16-headed hydra's attack.
The 16-headed hydra bites you but does no damage.
You block the 16-headed hydra's attack. x3
The 16-headed hydra bites you but does no damage. x2
The 16-headed hydra bites you! The 16-headed hydra bites you.
The 16-headed hydra barely misses you.
The 16-headed hydra bites you but does no damage.
The 16-headed hydra bites you but does no damage. x2
You block the 16-headed hydra's attack. The 16-headed hydra barely misses you.
The 16-headed hydra bites you but does no damage.
The 16-headed hydra bites you!
* * * LOW HITPOINT WARNING * * *
You block the 16-headed hydra's attack. The 16-headed hydra bites you!
* * * LOW HITPOINT WARNING * * *
You block the 16-headed hydra's attack.
The 16-headed hydra bites you but does no damage.
You block the 16-headed hydra's attack. The 16-headed hydra barely misses you.
You block the 16-headed hydra's attack. The 16-headed hydra closely misses you.
The 16-headed hydra bites you!
You die...

........##.##...................#
##..............................#
....................>........#...
.............(..............##...
..............(.............####.
.........###...............## ##.
.......#.#####.............####..
.)........# #............[.......
.....#.#.####.##@........<.......
....####..#...##D........[.......
......##.....###.........(<......
............####....##...........
.......####..##..................
......####..####......#..........
.....####.#.#..#....#####........
.....###.............##..........
>.....###>##.....................


You could see a 16-headed hydra.

Vanquished Creatures
  A cyclops (D:7)
  A shadow (D:7)
  4 yaks (D:7)
  2 wraiths (Ossuary)
  2 acid dragons (D:7)
  2 water moccasins
  An ice beast (D:7)
  An orc warrior (D:7)
  2 sky beasts
  2 black bears
  An ogre (D:4)
  5 centaurs
  2 phantoms
  3 bullfrogs
  A gnoll sergeant (D:7)
  2 scorpions (D:7)
  A water moccasin zombie (D:5)
  9 wights
  A gnoll shaman (D:6)
  3 orc priests
  5 hounds
  A centaur skeleton (D:7)
  A jelly (D:5)
  4 iguanas
  6 orc wizards
  Robin (D:3)
  A howler monkey zombie (D:7)
  10 gnolls
  A howler monkey skeleton (D:7)
  5 adders
  2 ufetubi
  3 adder zombies
  A worm (D:2)
  6 dart slugs
  29 orcs
  5 ball pythons
  7 endoplasms
  3 giant cockroaches
  19 goblins
  8 hobgoblins
  9 jackals
  2 quokkas (D:4)
  A ball python skeleton (Ossuary)
  7 bats
  3 frilled lizards
  A hobgoblin skeleton (Ossuary)
  A hobgoblin zombie (Ossuary)
  6 kobolds
  A kobold zombie (Ossuary)
  2 orc skeletons (Ossuary)
  An orc zombie (Ossuary)
  9 rats
207 creatures vanquished.

Notes
Turn   | Place    | Note
-------+----------+-------------------------------------------
     0 | D:1      | Delamore the Formicid Fighter began the quest for the Orb.
     0 | D:1      | Reached XP level 1. HP: 18/18 MP: 1/1
   100 | D:1      | Reached XP level 2. HP: 24/24 MP: 2/2
   570 | D:1      | Reached XP level 3. HP: 29/29 MP: 3/3
   862 | D:2      | Reached XP level 4. HP: 37/37 MP: 4/4
   875 | D:2      | Found a faded altar of an unknown god.
   895 | D:2      | Became a worshipper of Warmaster Okawaru
   895 | D:2      | Reached * piety under Okawaru
  1363 | D:3      | Noticed Robin
  1413 | D:3      | Killed Robin
  1414 | D:3      | Reached XP level 5. HP: 33/42 MP: 5/5
  1524 | D:3      | Reached skill level 1 in Invocations
  2177 | D:4      | Reached XP level 6. HP: 49/49 MP: 7/7
  2235 | D:4      | Noticed a black bear
  2252 | D:4      | Killed a black bear
  2253 | D:4      | Reached skill level 5 in Shields
  2298 | D:4      | Noticed an ogre
  2305 | D:4      | Killed an ogre
  2305 | D:4      | Reached ** piety under Okawaru
  2306 | D:4      | Reached skill level 5 in Polearms
  2306 | D:4      | Reached XP level 7. HP: 55/55 MP: 7/9
  2418 | D:4      | Reached skill level 5 in Fighting
  2848 | D:4      | Found a sparkling altar of Nemelex Xobeh.
  2892 | D:5      | Entered Level 5 of the Dungeon
  2918 | D:5      | Identified the +11 falchion "Gaeteugia" {elec, +Rage rElec
                  | rF+ rC- Str+5}
  2941 | D:5      | Reached skill level 1 in Long Blades
  2962 | D:5      | Reached skill level 2 in Long Blades
  2963 | D:5      | Reached XP level 8. HP: 62/62 MP: 10/10
  2995 | D:5      | Reached skill level 3 in Long Blades
  3109 | D:5      | Reached skill level 4 in Long Blades
  3132 | D:5      | Found a staircase to the Ecumenical Temple.
  3181 | D:5      | Reached skill level 5 in Long Blades
  3191 | D:5      | Reached *** piety under Okawaru
  3327 | D:5      | Reached skill level 6 in Long Blades
  3335 | D:5      | Reached XP level 9. HP: 66/68 MP: 11/11
  3338 | D:5      | Reached skill level 7 in Long Blades
  3438 | D:6      | Reached skill level 8 in Long Blades
  3444 | D:6      | Found a sand-covered staircase.
  3454 | Ossuary  | Entered an ossuary
  3580 | Ossuary  | Reached **** piety under Okawaru
  3613 | Ossuary  | Reached skill level 9 in Long Blades
  3692 | D:6      | Identified a scroll of acquirement
  3693 | D:6      | Acquired a +2 crystal plate armour
  4194 | D:7      | Reached skill level 10 in Long Blades
  4384 | D:7      | Reached XP level 10. HP: 53/74 MP: 12/12
  4606 | D:7      | Reached skill level 11 in Long Blades
  4707 | D:7      | Reached ***** piety under Okawaru
  4747 | D:7      | Noticed a cyclops
  4762 | D:7      | Killed a cyclops
  4763 | D:7      | Reached skill level 12 in Long Blades
  5418 | D:7      | Noticed a four-headed hydra
  5491 | D:6      | HP: 1/74 [13-headed hydra (11)]
  5609 | D:6      | Slain by a 16-headed hydra

Illustrated notes

Levels and vault maps discovered:
D:1:      dpeg_arrival_round_a, layout_loops_ring, serial_aquarium,
          aquarium_bridge_straight [aquarium_subvault_bridge,
          aquarium_subvault_window, aquarium_subvault_bridge,
          aquarium_subvault_balcony], aquarium_window_2, aquarium_window_corner,
          aquarium_window_3, aquarium_window_1, aquarium_view_2b,
          aquarium_balcony_double_4, aquarium_pool_1
D:2:      layout_rooms, hellmonk_ecumenical_altar_lost_god,
          minmay_quadrilaterals
D:3:      layout_basic, uniq_robin
D:4:      cheibrodos_greedy_goblins, layout_cave_pools,
          nemelex_dance_club_becter, hangedman_abyss_or_decor_passed
D:5:      layout_rooms, minmay_temple_entry_glass
D:6:      layout_cave_pools, nicolae_ossuary_entry_ruins, minmay_manual_mares
D:7:      layout_layer_cave, minmay_shattered_shrine

Skill      XL: |  1  2  3  4  5  6  7  8  9 10 |
---------------+-------------------------------+-----
Shields        | 4 5 |  5.0
Polearms       | 3 4 5 6 |  6.1
Fighting       | 4 5 |  5.0
Invocations    | 1 3 |  3.0
Long Blades    | 2 6 10 12 | 12.4
Armour         | |  3.2

Action                   |  1- 3 |  4- 6 |  7- 9 | 10-12 || total
-------------------------+-------+-------+-------+-------++-------
Melee: Trident           |    80 |   213 |   117 |       ||   410
       Falchion          |       |       |   149 |   106 ||   255
Throw: Dart              |       |    12 |       |       ||    12
Invok: Heroism           |       |       |       |     2 ||     2
       Finesse           |       |       |       |     2 ||     2
 Abil: Dig               |       |     1 |       |       ||     1
Evoke: Wand              |       |       |       |     1 ||     1
  Use: Scroll            |     7 |     3 |    10 |       ||    20
       Potion            |       |       |       |     2 ||     2
Armor: Scale mail        |    46 |    71 |       |       ||   117
       Chain mail        |       |    39 |    68 |       ||   107
       Crystal plate arm |       |       |    19 |   132 ||   151
Dodge: Dodged            |    53 |   100 |    91 |    62 ||   306
Block: Kite shield       |    46 |   115 |   149 |   102 ||   412
       Rpst.: Falchion   |       |       |    21 |     5 ||    26

Table legend: (Time is in decaauts)
 A = Elapsed time spent in this place.
 B = Non-inter-level travel time spent in this place.
 C = Inter-level travel time spent in this place.
 D = Time resting spent in this place.
 E = Time spent auto-exploring this place.
 F = Levels seen in this place.
 G = Mean time per level.
                   A        B        C        D        E       F      G
               +--------+--------+--------+--------+--------+-----+--------+
         Total |   5707 |   5553 |    154 |    234 |   3734 |   8 |  713.4 |
       Dungeon |   5470 |   5316 |    154 |    234 |   3580 |   7 |  781.4 |
       Ossuary |    237 |    237 |      0 |      0 |    154 |   1 |  237.0 |
               +--------+--------+--------+--------+--------+-----+--------+

Top non-repeatable levels by time:
     D:7: 1274 daAuts
     D:3: 943 daAuts
     D:1: 821 daAuts
     D:4: 751 daAuts
     D:6: 704 daAuts
     D:5: 498 daAuts
     D:2: 476 daAuts
 Ossuary: 237 daAuts
